 Dungeon Sprint DCSS version 0.30-a0-652-gcc886f7154 (webtiles) character file.

Game seed: 10812567833425980919

982 SkeletonJelly the Fighter (level 7, -14/70 HPs)
             Began as a Demonspawn Chaos Knight on Jan 18, 2023.
             Was a Plaything of Xom.
             Killed from afar by a rakshasa (27 damage)
             ... with a lance of force
             ... in the Dungeon (Sprint IX: "|||||||||||||||||||||||||||||").
             The game lasted 00:03:54 (708 turns).

SkeletonJelly the Fighter (Demonspawn Chaos Knight)  Turns: 708, Time: 00:03:54

Health: -14/70     AC:  8    Str: 13    XL:     7   Next: 96%
Magic:  7/7        EV: 14    Int: 13    God:    Xom [...*..]
Gold:   0          SH:  0    Dex: 18    Spells: 6/6 levels left

rFire   . . .      SeeInvis .    a - +0 hand axe (chaos)
rCold   . . .      Faith    .    (no shield)
rNeg    . . .      Spirit   .    b - +2 leather armour
rPois   .          Reflect  .    (no helmet)
rElec   .          Harm     .    (no cloak)
rCorr   .          Rampage  .    o - +0 pair of gloves
Will    .....      NoTele   +    (no boots)
Stlth   ++                       (no amulet)
HPRegen 0.31/turn                q - +2 ring of protection
MPRegen 0.10/turn                r - +2 ring of evasion

@: cleaving
A: thin skeletal structure 1, demonic guardian 1, demonic touch 1, agile 1
a: Renounce Religion


You were in the Dungeon.
You worshipped Xom.
You were a favourite toy of Xom.
You visited 1 branch

Inventory:

Hand Weapons
 a - a +0 hand axe of chaos (weapon)
 l - a +1 broad axe of freezing
 m - a +2 dire flail of protection
 n - a +2 halberd of protection
Armour
 b - a +2 leather armour (worn)
 o - a +0 pair of gloves (worn)
 p - a +1 scale mail
 s - a +0 plate armour
Jewellery
 q - a +2 ring of protection (left hand)
 r - a +2 ring of evasion (right hand)
Wands
 k - a wand of iceblast (6)
Scrolls
 i - 2 scrolls of blinking
 j - 2 scrolls of amnesia
Potions
 e - 3 potions of heal wounds
 g - 4 potions of magic
 h - 4 potions of curing
Miscellaneous
 c - a piece from Xom's chessboard (15/15) (quivered)


   Skills:
 - Level 12.0 Fighting
 * Level 11.9 Axes
 + Level 2.8 Armour
 + Level 2.2 Dodging


You had 6 spell levels left.
You didn't know any spells.
Your spell library was empty.

Dungeon Overview and Level Annotations

Branches:
Dungeon (1/1)

Altars:
Cheibriados
Dithmenos
Fedhas
Gozag
Hepliaklqana
Kikubaaqudgha
Makhleb
Nemelex Xobeh
Okawaru
Qazlal
Ru
Sif Muna
Trog
Uskayaw
Vehumet
Wu Jian
Xom
Yredelemnul
Jiyva
Lugonu


Innate Abilities, Weirdness & Mutations

You have a somewhat thin skeletal structure. (Dex +2, Stealth+)
A weak demonic guardian rushes to your aid.
Your touch may inflict minor irresistible damage on your foes.
You are agile. (Dex +4, Str/Int -1)


Message History

The gnoll sergeant is severely wounded.
The helpless gnoll sergeant fails to defend itself.
You hit the gnoll sergeant but do no damage.
The gnoll sergeant is severely wounded.
The helpless gnoll sergeant fails to defend itself.
You hit the gnoll sergeant but do no damage.
Nothing appears to happen.
The gnoll sergeant is severely wounded.
The helpless gnoll sergeant fails to defend itself.
You hit the gnoll sergeant. You burn the gnoll sergeant.
You touch the gnoll sergeant.
You kill the gnoll sergeant!
Your Dodging skill increases to level 2!
Things that are here:
a +0 spear; a +0 scale mail
Things that are here:
a +0 spear; a +0 scale mail
There is an open door to the Dungeon here.
You see here a +0 dagger.
There is a staircase leading out of the dungeon here.
A rakshasa is nearby!
Health restored: 70
Aiming: Iceblast
Press: ? - help, Shift-Dir - straight line, f - you That beam is likely to hit you.
Continue anyway?
Okay, then.
Unknown command.
Unknown command.
Aiming: Iceblast
Press: ? - help, Shift-Dir - straight line, f - rakshasa
Aim: a rakshasa, wielding a +0 long sword and wearing a +0 robe (wandering, hasn't noticed you)
The mass of ice explodes!
The iceblast engulfs the rakshasa.
The rakshasa is lightly wounded.
Aiming: Iceblast
Press: ? - help, Shift-Dir - straight line, f/p - rakshasa
Aim: a rakshasa, wielding a +0 long sword and wearing a +0 robe (lightly wounded)
The mass of ice explodes!
The iceblast engulfs the rakshasa!
The rakshasa is lightly wounded.
Aiming: Iceblast
Press: ? - help, Shift-Dir - straight line, f/p - rakshasa
Aim: a rakshasa, wielding a +0 long sword and wearing a +0 robe (lightly wounded)
The mass of ice explodes!
The iceblast engulfs the rakshasa!
The rakshasa is moderately wounded.
Aiming: Iceblast
Press: ? - help, Shift-Dir - straight line, f/p - rakshasa
Aim: a rakshasa, wielding a +0 long sword and wearing a +0 robe (moderately wounded)
The mass of ice explodes!
The iceblast engulfs the rakshasa but does no damage.
The rakshasa is moderately wounded.
You hit the rakshasa but do no damage. Your touch misses the rakshasa.
The rakshasa is moderately wounded.
You hit the rakshasa. You freeze the rakshasa. Your touch misses the rakshasa.
The rakshasa is moderately wounded.
The rakshasa blinks!
You hit the rakshasa.
The rakshasa is moderately wounded.
The rakshasa hits you with a +0 long sword!!
A shower of butterflies erupts from you!
You take 25 damage, and have 45/70 hp.
MASSIVE DAMAGE!!
You barely miss the rakshasa. Your touch misses the rakshasa.
The rakshasa is moderately wounded.
The rakshasa misses you.
You hit the rakshasa.
You touch the rakshasa.
The rakshasa is heavily wounded.
You hit the rakshasa but do no damage.
The rakshasa is heavily wounded.
The rakshasa gestures at you. The lance of force hits you!!
A demonic guardian appears!
You take 23 damage, and have 23/70 hp.
MASSIVE DAMAGE!!
You hit the rakshasa. You freeze the rakshasa.
You punch the rakshasa, but do no damage.
The rakshasa is heavily wounded.
The injured rakshasa weaves a defensive illusion!
You hit the rakshasa but do no damage.
You touch the rakshasa!
The rakshasa is severely wounded.
You barely miss the rakshasa. Your touch misses the rakshasa.
The rakshasa is severely wounded.
The rakshasa hits you with a +0 long sword!
* * * LOW HITPOINT WARNING * * *
You take 10 damage, and have 13/70 hp.
You slash the rakshasa! You freeze the rakshasa.
The rakshasa is almost dead.
The rakshasa closely misses you.
You closely miss the rakshasa.
The rakshasa is almost dead. "Go forth and cause havoc, mortal!"
Your +0 hand axe of chaos looks sharp (like it always does).
The rakshasa gestures at you. The lance of force misses you.
The lance of force hits your butterfly!!
Your butterfly dies!
Your butterfly disappears in a puff of smoke!
You closely miss the rakshasa.
The rakshasa is almost dead.
You slash the rakshasa! You burn the rakshasa.
The rakshasa is almost dead.
The rakshasa gestures at you. The lance of force hits you!!
You die...
Xom chuckles heartily!

▓▓▓
▓<▓
▓5▓
▓@▓
▓R▓
▓)▓
▓b▓
▓.▓
▓.▓
▓.▓
▓.▓
▓'▓


You could see a rakshasa (ally target) and a friendly shadow imp (summoned).

Vanquished Creatures
  A troll (D)
  A yak (D)
  A vampire (D)
  An ice beast (D)
  A centaur (D)
  A gnoll sergeant (D)
  A scorpion (D)
  A hound (D)
  2 orcs (D)
  An endoplasm (D)
  A giant cockroach (D)
  A kobold (D)
  2 rats (D)
15 creatures vanquished.

Vanquished Creatures (collateral kills)
  An orc warrior (D)
  A centaur (D)
  A scorpion zombie (D)
3 creatures vanquished.

Grand Total: 18 creatures vanquished

Notes
Turn   | Place    | Note
-------+----------+-------------------------------------------
     0 | D        | SkeletonJelly the Demonspawn Chaos Knight began the quest
                  | for the Orb.
     0 | D        | Reached XP level 1. HP: 18/18 MP: 1/1
    30 | D        | Noticed a hound
    30 | D        | Noticed a scorpion
    30 | D        | Noticed an ice beast
    36 | D        | Killed a hound
    37 | D        | Reached skill level 5 in Fighting
    37 | D        | Gained mutation: You have a somewhat thin skeletal
                  | structure. (Dex +2, Stealth+) [demonic ancestry]
    37 | D        | Reached XP level 2. HP: 27/27 MP: 2/2
    37 | D        | Gained mutation: Your touch may inflict minor irresistible
                  | damage on your foes. [demonic ancestry]
    37 | D        | Reached XP level 3. HP: 33/33 MP: 3/3
    44 | D        | Killed a scorpion
    44 | D        | XOM: divination: detect creatures
    45 | D        | Reached skill level 6 in Fighting
    45 | D        | Reached XP level 4. HP: 41/41 MP: 4/4
    45 | D        | XOM: potion effect (brilliance)
    47 | D        | XOM: potion effect (heal wounds)
    49 | D        | Reached skill level 7 in Fighting
    54 | D        | XOM: potion effect (haste)
    56 | D        | Killed an ice beast
    57 | D        | Reached skill level 8 in Fighting
    57 | D        | Gained mutation: A weak demonic guardian rushes to your
                  | aid. [demonic ancestry]
    57 | D        | Reached XP level 5. HP: 51/51 MP: 5/5
    63 | D        | Found a snail-covered altar of Cheibriados.
    63 | D        | Found a shadowy altar of Dithmenos.
    63 | D        | Found a blossoming altar of Fedhas.
    63 | D        | Found an opulent altar of Gozag.
    64 | D        | Found a hazy altar of Hepliaklqana.
    65 | D        | Found a viscous altar of Jiyva.
    66 | D        | Found an ancient bone altar of Kikubaaqudgha.
    67 | D        | Found a corrupted altar of Lugonu.
    68 | D        | Found a burning altar of Makhleb.
    69 | D        | Found a sparkling altar of Nemelex Xobeh.
    70 | D        | Found an iron altar of Okawaru.
    71 | D        | Found a stormy altar of Qazlal.
    72 | D        | Found a sacrificial altar of Ru.
    73 | D        | Found a shimmering blue altar of Sif Muna.
    74 | D        | Found a bloodstained altar of Trog.
    75 | D        | Found a hide-covered altar of Uskayaw.
    76 | D        | Found a radiant altar of Vehumet.
    77 | D        | Found an ornate altar of the Wu Jian Council.
    78 | D        | Found a shimmering altar of Xom.
    79 | D        | Found a basalt altar of Yredelemnul.
   215 | D        | Noticed a yak
   215 | D        | Noticed a centaur
   215 | D        | Noticed a troll
   215 | D        | Noticed a centaur
   215 | D        | Noticed an orc warrior
   215 | D        | Noticed a vampire
   222 | D        | XOM: cast spell 'Monstrous Menagerie'
   226 | D        | Killed a yak
   227 | D        | Reached skill level 10 in Fighting
   227 | D        | Reached XP level 6. HP: 60/60 MP: 6/6
   237 | D        | Killed a troll
   238 | D        | Reached skill level 11 in Fighting
   238 | D        | Reached skill level 10 in Axes
   238 | D        | Reached XP level 7. HP: 18/68 MP: 7/7
   244 | D        | Reached skill level 12 in Fighting
   263 | D        | XOM: summons friendly ufetubus
   265 | D        | Killed a vampire
   266 | D        | Reached skill level 1 in Dodging
   451 | D        | Noticed a rakshasa
   451 | D        | Noticed a two-headed ogre
   451 | D        | Noticed a manticore
   451 | D        | Noticed a vampire
   451 | D        | Noticed a deep elf pyromancer
   451 | D        | XOM: fog
   460 | D        | XOM: summons friendly crimson imp
   518 | D        | XOM: give mutation
   518 | D        | Gained mutation: You are agile. (Dex +4, Str/Int -1) [Xom's
                  | grace]
   698 | D        | XOM: butterfly on damage
   706 | D        | XOM: cleaving
   708 | D        | Killed from afar by a rakshasa

Illustrated notes

Levels and vault maps discovered:
D:        linesprint [early_d, line_temple, items_1, d_10, items_2, lair_1,
          lair_end, items_3, orc_1, orc_end, items_4, d_15, swamp_1, shoals_1,
          snake_1, spider_1, d_20, vaults_1, items_5, swamp_end, shoals_end,
          snake_end, spider_end, vaults_end, d_27, items_6, zot_1, zot_end,
          crypt_end, forest_end, elf_end, slime_end, tomb_end, abyss_end,
          pan_hell_end]

Skill      XL: |  1  2  3  4  5  6  7 |
---------------+----------------------+-----
Axes           | 4 6 7 9 10 11 | 11.9
Fighting       | 5 6 8 10 11 12 | 12.0
Armour         | 2 |  2.8
Dodging        | 2 |  2.2

Action                   |  1- 3 |  4- 6 |  7- 9 || total
-------------------------+-------+-------+-------++-------
Melee: Hand axe          |    27 |    24 |    35 ||    86
       Touch             |     1 |     5 |     5 ||    11
       Punch             |       |       |     1 ||     1
Evoke: Piece from Xom's  |       |     7 |       ||     7
       Wand              |       |       |     4 ||     4
  Use: Potion            |     2 |       |     2 ||     4
 Stab: Paralysed         |       |     2 |     4 ||     6
Armor: Leather armour    |     7 |     4 |     1 ||    12
Dodge: Dodged            |    16 |    26 |    11 ||    53

Table legend: (Time is in decaauts)
 A = Elapsed time spent in this place.
 B = Non-inter-level travel time spent in this place.
 C = Inter-level travel time spent in this place.
 D = Time resting spent in this place.
 E = Time spent auto-exploring this place.
 F = Levels seen in this place.
 G = Mean time per level.
                   A        B        C        D        E       F      G
               +--------+--------+--------+--------+--------+-----+--------+
         Total |    665 |    665 |      0 |    270 |    164 |   1 |  665.0 |
       Dungeon |    665 |    665 |      0 |    270 |    164 |   1 |  665.0 |
               +--------+--------+--------+--------+--------+-----+--------+

Top non-repeatable levels by time:
       D: 665 daAuts
